AoeStats
← THE RULER

Runestones

507026045Analyzed
1v1 RM · 15d ago on Sep 16, 2026· 36m 34s· 2 players
Game mode
Random Map
Map size
Tiny (2 player)
Population
200
Speed
Normal
Resources
Standard
Victory
Conquest
Starting age
Dark Age
Ending age
Imperial Age
RankedLock teamsTeams togetherTeam positionsShared explorationLock speedFull tech treeHidden civsTurbo modeCheats
Victory
Defeat
🇵🇰 Khitans · Pakistan
1918
+14
🇻🇳 Magyars · Vietnam
1865
-14
HT229
9:31 Feudal Age
10:10 Double-Bit Axe
16:07 Castle Age
14:42 Fletching
16:47 Bodkin Arrow
17:28 Loom
24:48 Bow Saw
26:29 Padded Archer Armor
31:44 Ballistics
33:04 Elite Skirmisher
33:51 Horse Collar
THE RULER
6:30 Loom
9:13 Feudal Age
10:30 Double-Bit Axe
10:26 Domestication
14:49 Forging
15:14 Fletching
22:12 Castle Age
20:46 Padded Archer Armor
20:59 Gold Mining
22:54 Bodkin Arrow
23:04 Husbandry
22:44 Light Cavalry
25:04 Ballistics
29:19 Bow Saw
29:40 Heavy Cavalry Archer
32:56 Town Watch
38:34 Imperial Age
Connection lost

Rejoining the realm…

Still unreachable

The connection could not be restored.

Session expired

The server has moved on; the page needs a fresh start.